 Dungeon Crawl Stone Soup version 0.32-a0-85-g672eff3212 (webtiles) character file.

Game seed: 6702915114049756727

40759 Returnofthet the Thaumaturge (level 14, -2/90 HPs)
             Began as an Octopode Alchemist on Feb 5, 2024.
             Was a High Priest of Dithmenos.
             Slain by a demonic crawler (4 damage)
             ... on level 1 of the Spider Nest.
             The game lasted 00:43:35 (19296 turns).

Returnofthet the Thaumaturge (Octopode Alchemist)  Turns: 19296, Time: 00:43:36

Health: -2/90      AC: 13    Str: 15    XL:     14   Next: 12%
Magic:  0/31       EV: 16    Int: 21    God:    Dithmenos [*****.]
Gold:   891        SH:  0    Dex: 20    Spells: 15/40 levels left

rFire   . . .        a - +5 Force Lance {heavy, knockback}
rCold   . . .        (no shield)
rNeg    + . .        (helmet restricted)
rPois   +            E - amulet of guardian spirit
rElec   .            f - +4 ring of protection
rCorr   .            n - +4 ring of protection
SInv    .            p - +4 ring of protection
Will    +....        z - +6 ring of strength
Stlth   +++++++++    L - ring of poison resistance
HPRegen 0.35/turn    o - ring of Booclo {rN+ Dex+8}
MPRegen 0.22/turn    (no ring)
                     (no ring)

%: guardian spirit
@: wreathed by umbra
A: almost no armour, amphibious, 8 rings, camouflage 1, gelatinous body 1,
(nimble swimmer 1), tentacles
a: Renounce Religion, Shadow Step, Shadow Form


You were on level 1 of the Spider Nest.
You worshipped Dithmenos.
Dithmenos was extremely pleased with you.
You visited 3 branches of the dungeon, and saw 16 of its levels.

You collected 891 gold pieces.

Inventory:

Hand Weapons
 a - the +5 Force Lance (weapon) {heavy, knockback}
   (You found it on level 6 of the Dungeon)
Missiles
 u - 108 stones (quivered)
 v - 2 silver javelins
Armour
 F - an orb of energy
Magical Staves
 d - a staff of fire
 k - a staff of cold
Jewellery
 f - a +4 ring of protection (left tentacle)
 n - a +4 ring of protection (right tentacle)
 o - the ring of Booclo (on tentacle) {rN+ Dex+8}
   (You acquired it on level 10 of the Dungeon)

   [ring of positive energy]

   Dex+8:     It affects your dexterity (+8).
   rN+:       It protects you from negative energy.
 p - a +4 ring of protection (on tentacle)
 z - a +6 ring of strength (on tentacle)
 E - an amulet of guardian spirit (around mantle)
 L - a ring of poison resistance (on tentacle)
 S - a ring of ice
Talismans
 B - a serpent talisman
Wands
 m - a wand of polymorph (9)
 y - a wand of flame (15)
 I - a wand of iceblast (12)
 P - a wand of quicksilver (5)
 R - a wand of charming (5)
Scrolls
 b - a scroll of identify
 c - 3 scrolls of fear
 e - 3 scrolls of immolation
 g - 5 scrolls of vulnerability {unknown}
 j - 3 scrolls of enchant weapon {unknown}
 l - 5 scrolls of enchant armour {unknown}
 x - 8 scrolls of teleportation
 C - 4 scrolls of revelation
 D - a scroll of butterflies
 J - 2 scrolls of poison
 K - a scroll of brand weapon
 O - a scroll of silence {unknown}
 Q - a scroll of blinking {unknown}
 T - a scroll of fog {unknown}
Potions
 h - a potion of curing
 i - 3 potions of lignification
 q - 5 potions of brilliance
 r - 3 potions of cancellation
 s - 2 potions of enlightenment
 w - a potion of attraction {unknown}
 A - 2 potions of heal wounds {unknown}
 G - a potion of might {unknown}
 H - a potion of mutation {unknown}
 M - a potion of haste {unknown}


   Skills:
 * Level 6.6 Fighting
 + Level 6.0(6.2) Polearms
 + Level 2.1(4.3) Staves
 + Level 5.3 Dodging
 + Level 9.5 Stealth
 + Level 1.2 Unarmed Combat
 * Level 13.7 Spellcasting
 + Level 4.1 Conjurations
 * Level 4.2 Hexes
 + Level 3.3 Fire Magic
 + Level 3.0 Air Magic
 + Level 12.0 Alchemy


You had 15 spell levels left.
You knew the following spells:

 Your Spells              Type           Power      Damage    Failure   Level
a - Sting                 Conj/Alch      100%       1d9       1%          1
b - Mercury Vapours       Alch/Air       92%        N/A       1%          2
c - Mephitic Cloud        Conj/Alch/Air  41%        N/A       1%          3
d - Olgreb's Toxic Radia  Alch           60%        N/A       1%          4
e - Sticky Flame          Fire/Alch      46%        2d9       1%          4
f - Jinxbite              Hex            64%        N/A       1%          2
g - Yara's Violent Unrav  Hex/Alch       24%        3d11      4%          5
h - Airstrike             Air            13%        2d(2-18)  12%         4

Your spell library contained the following spells:

 Spells                   Type           Power      Damage    Failure   Level
 Magic Dart               Conj           100%       1d8       1%          1
 Shock                    Conj/Air       100%       1d9       1%          1
 Inner Flame              Hex/Fire       30%        N/A       2%          3
 Sigil of Binding         Hex            32%        N/A       2%          3
 Swiftness                Air            27%        N/A       3%          3
 Blink                    Tloc           28%        N/A       7%          2
 Call Imp                 Summ           28%        N/A       7%          2
 Flame Wave               Conj/Fire      30%        2d9       10%         4
 Call Canine Familiar     Summ           14%        N/A       13%         3
 Fugue of the Fallen      Necr           14%        N/A       13%         3
 Ozocubu's Armour         Ice            14%        N/A       13%         3
 Dimensional Bullseye     Hex/Tloc       11%        N/A       19%         4
 Summon Lightning Spire   Summ/Air       20%        N/A       24%         4
 Manifold Assault         Tloc           14%        N/A       41%         4
 Lee's Rapid Deconstruct  Erth           7%         3d6*      77%         5
 Enfeeble                 Hex            16%        N/A       100%        7
 Animate Armour           Summ/Erth      Unusable   N/A       N/A         4

Dungeon Overview and Level Annotations

Branches:
Dungeon (12/15)            Temple (0/1) D:6            Lair (3/5) D:9
 Spider (1/4) Lair:3          Orc (0/2) D:9
  Swamp: Lair:2-3    Shoals: Lair:2-3

Altars:
Dithmenos
Fedhas
Gozag
Kikubaaqudgha
Makhleb
Nemelex Xobeh
Okawaru
Qazlal
Ru
Sif Muna
Vehumet
Wu Jian
Xom
Yredelemnul

Shops:
D:7 =   D:10 !

Annotations:
D:2 1 runed translucent door, Crazy Yiuf


Innate Abilities, Weirdness & Mutations

You cannot wear most types of armour.
You are amphibious.
You can wear up to eight rings at the same time.
Your skin changes colour to match your surroundings (Stealth+).
Your rubbery body absorbs attacks. (AC +1, EV +1)
((You are camouflaged when in or above water. (Stealth+)))
You have tentacles for arms and can constrict up to eight enemies at once.


Message History

The demonic crawler hits you but does no damage.
The demonic crawler closely misses you.
The demonic crawler hits you but does no damage.
The demonic crawler hits you!
* * * LOW HITPOINT WARNING * * *
The demonic crawler hits you but does no damage.
You see here a redback corpse.
The demonic crawler attacks as it pursues you!
The demonic crawler hits you.
* * * LOW HITPOINT WARNING * * *
The demonic crawler hits you but does no damage.
The demonic crawler hits you.
* * * LOW HITPOINT WARNING * * *
The demonic crawler hits you!
* * * LOW HITPOINT WARNING * * *
The demonic crawler hits you but does no damage.
The demonic crawler hits you!
* * * LOW HITPOINT WARNING * * *
Magic courses through your body.
The demonic crawler barely misses you. x2
The demonic crawler hits you.
* * * LOW HITPOINT WARNING * * *
Casting: Olgreb's Toxic Radiance (safe; 1% risk of failure)
Confirm with . or Enter, or press ? or * to list all spells.
Aiming: Sticky Flame (mildly dangerous; 1% risk of failure)
Press: ? - help, Shift-Dir - straight line, f/p - demonic crawler
Aim: a demonic crawler (umbra)
The sticky flame hits the demonic crawler.
The demonic crawler is lightly wounded.
Your shadow mimics your spell!
The shadow shard hits the demonic crawler!!
The demonic crawler burns!
The demonic crawler closely misses you. The demonic crawler hits you.
* * * LOW HITPOINT WARNING * * *
The demonic crawler hits you!
* * * LOW HITPOINT WARNING * * *
You feel better.
The demonic crawler burns!
The demonic crawler hits you!
* * * LOW HITPOINT WARNING * * *
The demonic crawler barely misses you. The demonic crawler misses you.
The demonic crawler hits you.
You die...

....### ##....#
...## #.....# ....##
##....## .....#
#.....## .....#
##.....## ..####
#####.†...# ^.#
#...†.....#### . .##
##..s†.....#..###...
..#
#^.@####......††....
..# #^.##
###..#......# ..#
#..## ###########
.## #...## ..####
##...#### ...#.##
##.....## ......#
##....^# ......##
##....# #....>.##
#....##


You could see a demonic crawler (burning).

Vanquished Creatures
  Fannar (Lair:2)
  2 two-headed ogres (D:10)
  3 demonic crawlers (Spider:1)
  A steelbarb worm (Spider:1)
  An orb spider (Spider:1)
  A wolf spider (Spider:1)
  An oklob plant (Lair:2)
  A meliai (Lair:3)
  5 elephants (Lair:1)
  Joseph (D:7)
  2 black mambas
  Maggie (D:8)
  A gargoyle (D:11)
  Jeremiah (D:7)
  2 cane toads (Lair:2)
  A rime drake (Lair:2)
  6 komodo dragons
  2 trolls (D:11)
  A tarantella (Spider:1)
  Prince Ribbit (D:7)
  6 jumping spiders (Spider:1)
  A shadow (D:11)
  2 wraiths
  4 wyverns
  18 yaks
  A steam dragon (D:9)
  19 redbacks (Spider:1)
  4 basilisks
  4 vampire mosquitoes (D:11)
  2 acid dragons (D:11)
  Duvessa (D:7)
  9 water moccasins
  6 orc warriors
  An ice beast (D:6)
  2 sky beasts (D:7)
  5 black bears
  4 ogres
  2 wolves (D:9)
  4 centaurs
  A phantom (D:6)
  11 bullfrogs
  A gnoll sergeant (D:5)
  4 kobold brigands
  2 scorpions
  10 wights
  Dowan (D:7)
  21 killer bees
  A howler monkey (D:9)
  6 electric eels (Lair:2)
  A crimson imp (D:4)
  3 jellies
  A bombardier beetle (D:4)
  6 hounds
  2 gnoll boudas
  7 orc priests
  Jessica (D:3)
  Natasha (D:3)
  Ijyb (D:3)
  4 iguanas
  8 orc wizards
  Robin (D:3)
  7 adders
  8 gnolls
  3 shadow imps
  A white imp (D:6)
  2 ufetubi (D:7)
  2 ribbon worms (D:2)
  11 dart slugs
  36 orcs
  2 ball pythons (D:2)
  6 bats
  7 endoplasms
  2 giant cockroaches (D:1)
  11 goblins
  11 hobgoblins
  3 jackals
  A quokka (D:2)
  5 frilled lizards
  17 kobolds
  4 rats
363 creatures vanquished.

Notes
Turn   | Place    | Note
-------+----------+-------------------------------------------
     0 | D:1      | Returnofthet the Octopode Alchemist began the quest for the
                  | Orb.
     0 | D:1      | Reached XP level 1. HP: 11/11 MP: 3/3
   238 | D:1      | Reached XP level 2. HP: 12/17 MP: 5/5
   877 | D:1      | Learned a level 2 spell: Mercury Vapours
  1013 | D:2      | Reached skill level 1 in Unarmed Combat
  1013 | D:2      | Reached XP level 3. HP: 21/21 MP: 3/6
  1092 | D:2      | Learned a level 3 spell: Mephitic Cloud
  1480 | D:2      | Reached XP level 4. HP: 16/27 MP: 1/7
  1769 | D:2      | Found a runed translucent door.
  1770 | D:2      | Noticed Crazy Yiuf
  1895 | D:3      | Noticed an ogre
  1901 | D:3      | Killed an ogre
  1902 | D:3      | Reached XP level 5. HP: 30/31 MP: 0/8
  2159 | D:3      | Noticed Jessica
  2167 | D:3      | Killed Jessica
  2171 | D:3      | Noticed Ijyb
  2185 | D:3      | Killed Ijyb
  2464 | D:3      | Found a sparkling altar of Nemelex Xobeh.
  2709 | D:3      | Noticed Robin
  2753 | D:3      | Killed Robin
  2762 | D:3      | Reached XP level 6. HP: 37/37 MP: 1/10
  2885 | D:3      | Noticed Natasha
  2896 | D:3      | Killed Natasha
  3085 | D:3      | Found an ornate altar of the Wu Jian Council.
  3192 | D:4      | Reached skill level 3 in Spellcasting
  3536 | D:4      | Reached skill level 1 in Staves
  3591 | D:4      | Reached skill level 5 in Stealth
  3866 | D:4      | Reached XP level 7. HP: 42/42 MP: 7/12
  3988 | D:4      | Found a burning altar of Makhleb.
  3995 | D:4      | Reached skill level 1 in Fighting
  4027 | D:4      | Found a radiant altar of Vehumet.
  4090 | D:4      | Found a shadowy altar of Dithmenos.
  4098 | D:4      | Became a worshipper of Dithmenos the Shadowed
  4107 | D:4      | Learned a level 4 spell: Olgreb's Toxic Radiance
  4128 | D:4      | Reached skill level 5 in Alchemy
  4291 | D:5      | Entered Level 5 of the Dungeon
  4454 | D:5      | Reached skill level 4 in Spellcasting
  5034 | D:5      | Learned a level 4 spell: Sticky Flame
  5208 | D:5      | Reached XP level 8. HP: 46/48 MP: 9/15
  5675 | D:5      | Reached skill level 5 in Spellcasting
  5990 | D:6      | HP: 1/48 [ice beast (6)]
  6262 | D:6      | Found an iron altar of Okawaru.
  6353 | D:6      | Found the +5 Force Lance {heavy, knockback}
  6532 | D:6      | Reached skill level 6 in Spellcasting
  6873 | D:6      | Found a staircase to the Ecumenical Temple.
  6924 | D:6      | Found a stormy altar of Qazlal.
  6953 | D:6      | Learned a level 2 spell: Jinxbite
  7089 | D:6      | Reached * piety under Dithmenos
  7159 | D:6      | Reached XP level 9. HP: 51/53 MP: 12/18
  7608 | D:7      | Noticed Duvessa
  7608 | D:7      | Noticed Dowan
  7612 | D:7      | Killed Dowan
  7613 | D:7      | Reached skill level 7 in Spellcasting
  7619 | D:7      | Killed Duvessa
  7620 | D:7      | Reached skill level 1 in Polearms
  7964 | D:7      | Found Ageevao's Jewellery Shoppe.
  7977 | D:7      | Noticed Prince Ribbit
  7977 | D:7      | Noticed Joseph
  8112 | D:7      | Killed Prince Ribbit
  8232 | D:7      | Noticed Jeremiah
  8243 | D:7      | Killed Jeremiah
  8363 | D:7      | Reached skill level 8 in Spellcasting
  8602 | D:7      | Reached ** piety under Dithmenos
  8781 | D:7      | Killed Joseph
  8782 | D:7      | Reached XP level 10. HP: 59/59 MP: 10/22
  9665 | D:8      | Reached skill level 9 in Spellcasting
  9813 | D:8      | Noticed Maggie
  9819 | D:8      | Killed Maggie
 10606 | D:9      | Found a blossoming altar of Fedhas.
 10607 | D:9      | Found an ancient bone altar of Kikubaaqudgha.
 10835 | D:9      | Found a staircase to the Lair.
 10859 | D:9      | Reached skill level 1 in Air Magic
 10874 | D:9      | Reached *** piety under Dithmenos
 10884 | D:9      | Reached skill level 10 in Spellcasting
 11101 | D:9      | Found a sacrificial altar of Ru.
 11139 | D:9      | Found a faded altar of an unknown god.
 11139 | D:9      | Found a shimmering altar of Xom.
 11151 | D:9      | Found a shimmering blue altar of Sif Muna.
 11163 | D:9      | Found an opulent altar of Gozag.
 11171 | D:9      | Found a basalt altar of Yredelemnul.
 11300 | D:9      | Found a staircase to the Orcish Mines.
 11332 | D:9      | Reached XP level 11. HP: 57/66 MP: 23/25
 12196 | D:10     | Entered Level 10 of the Dungeon
 12196 | D:10     | Found Gijubbuz's Distillery.
 12207 | D:10     | Identified a scroll of acquirement
 12208 | D:10     | Acquired the ring of Booclo {rN+ Dex+8}
 12399 | D:10     | Noticed a two-headed ogre
 12405 | D:10     | Killed a two-headed ogre
 12960 | D:10     | Noticed a two-headed ogre
 12968 | D:10     | Killed a two-headed ogre
 12987 | D:10     | Reached skill level 1 in Fire Magic
 13355 | D:11     | Reached skill level 10 in Alchemy
 13361 | D:11     | Learned a level 5 spell: Yara's Violent Unravelling
 13505 | D:11     | Reached skill level 11 in Spellcasting
 13615 | D:11     | Reached **** piety under Dithmenos
 14403 | D:12     | Noticed a skeletal warrior
 14403 | D:12     | Noticed a skeletal warrior
 14403 | D:12     | Noticed a skeletal warrior
 14403 | D:12     | Noticed a skeletal warrior
 14403 | D:12     | Noticed a skeletal warrior
 14403 | D:12     | Noticed a two-headed ogre
 14454 | Lair:1   | Entered Level 1 of the Lair of Beasts
 14534 | Lair:1   | Reached skill level 5 in Polearms
 14727 | Lair:1   | Reached XP level 12. HP: 72/72 MP: 15/27
 14964 | Lair:1   | Reached skill level 1 in Hexes
 15125 | Lair:1   | Reached skill level 12 in Spellcasting
 15534 | Lair:2   | Learned a level 4 spell: Airstrike
 15618 | Lair:2   | Noticed Fannar
 15636 | Lair:2   | Killed Fannar
 16326 | Lair:2   | Reached skill level 5 in Fighting
 16326 | Lair:2   | Reached skill level 5 in Dodging
 16326 | Lair:2   | Reached XP level 13. HP: 82/82 MP: 29/29
 16452 | Lair:2   | Reached skill level 13 in Spellcasting
 17020 | Lair:2   | Found a basalt altar of Yredelemnul.
 17383 | Lair:3   | Found a hole to the Spider Nest.
 17386 | Lair:3   | Reached ***** piety under Dithmenos
 17541 | Spider:1 | Entered Level 1 of the Spider Nest
 18716 | Spider:1 | Reached XP level 14. HP: 90/90 MP: 23/31
 19295 | Spider:1 | HP: 1/90 [demonic crawler (4)]
 19296 | Spider:1 | Slain by a demonic crawler

Illustrated notes

Levels and vault maps discovered:
D:1:      psy_arrival_terrarium, layout_basic
D:2:      layout_rooms, minmay_quadrilaterals, uniq_crazy_yiuf_cottage
D:3:      layout_loops_ring, nemelex_xobeh_ov_fountains_minmay,
          pdpol_wu_jian_five_deadly_venoms, uniq_natasha, uniq_jessica,
          uniq_robin, uniq_ijyb
D:4:      kennysheep_slugbush, layout_cave_pools,
          grunt_temple_overflow_lords_of_destruction,
          mainiacjoe_overflow_small_starburst
D:5:      layout_loops_ring, minmay_misc_feat_enclosed
D:6:      layout_loops_cross, grunt_qazlal_sundering, okawaru_metal_pillars_1_2,
          minmay_temple_entry_poolview, dreamdust_gnoll_farm
D:7:      layout_basic, serial_shops, nicolae_shop_peninsula, uniq_duvessa,
          uniq_jeremiah, uniq_prince_ribbit1, uniq_joseph
D:8:      layout_gridville, uniq_maggie
D:9:      layout_loops_cross, grunt_temple_overflow_growth_and_decay,
          nicolae_ru_great_annihilating_truth,
          chequers_temple_overflow_minitemple, minmay_lair_entry_grove,
          orc_0_dummy, kennysheep_small_square
D:10:     layout_loops_ring, serial_shops, shop
D:11:     layout_roguey
D:12:     layout_roguey
Lair:1:   layout_chaotic_city, minivault_24
Lair:2:   layout_chaotic_city, serial_bayou, serial_bayou_lagoon_b,
          serial_bayou_shore_a, serial_bayou_lake_a, serial_bayou_ford_a,
          chequers_serial_rivers_room_a, lemuel_oklob_altar, uniq_fannar
Lair:3:   layout_layer_cave, minmay_swamp_entry_reptiles,
          hellmonk_spider_entry_not_the_bees, grunt_megastairs_4,
          infiniplex_staircase_pool_2, uniq_amaemon
Spider:1: layout_spider_delve, drop_trap

Skill      XL: |  1  2  3  4  5  6  7  8  9 10 11 12 13 14 |
---------------+-------------------------------------------+-----
Alchemy        | 4 5 6 8 9 10 11 12 | 12.0
Unarmed Combat | 1 |  1.2
Stealth        | 3 4 5 6 7 8 9 |  9.5
Conjurations   | 2 3 4 |  4.1
Spellcasting   | 3 4 6 8 10 11 12 13 | 13.7
Staves         | 1 2 |  2.1
Dodging        | 3 4 5 |  5.3
Fighting       | 1 2 3 5 6 |  6.6
Polearms       | 2 3 5 6 |  6.0
Air Magic      | 1 2 3 |  3.0
Fire Magic     | 1 3 |  3.3
Hexes          | 3 4 |  4.2

Action                     |  1- 3 |  4- 6 |  7- 9 | 10-12 | 13-15 || total
---------------------------+-------+-------+-------+-------+-------++-------
  Melee: Unarmed           |    34 |       |       |       |       ||    34
         Constrict         |    16 |    24 |    23 |    28 |     9 ||   100
         Tentacles         |    11 |    26 |    17 |    34 |    12 ||   100
         Punch             |     3 |     3 |     7 |    11 |     8 ||    32
         Staff             |    36 |    82 |    29 |       |       ||   147
         Lance             |       |       |    71 |   240 |    50 ||   361
  Throw: Stone             |       |     1 |       |       |       ||     1
   Cast: Sting             |    25 |    46 |    60 |    14 |     1 ||   146
         Mephitic Cloud    |     1 |     3 |     8 |    10 |       ||    22
         Olgreb's Toxic Ra |       |       |    34 |    73 |    39 ||   146
         Sticky Flame      |       |       |     5 |    14 |     9 ||    28
         Jinxbite          |       |       |     3 |     2 |     2 ||     7
         Airstrike         |       |       |       |       |     5 ||     5
    Use: Potion            |       |       |     1 |     2 |     3 ||     6
         Scroll            |       |       |       |    14 |       ||    14
   Stab: Sleeping          |     5 |     5 |     7 |    12 |     4 ||    33
         Confused          |       |     1 |     1 |     3 |       ||     5
         Paralysed         |       |       |       |     1 |       ||     1
 Armour: Skin              |    39 |    61 |    68 |   136 |    97 ||   401
  Dodge: Dodged            |    52 |    43 |    81 |   189 |    77 ||   442

Table legend: (Time is in decaauts)
 A = Elapsed time spent in this place.
 B = Non-inter-level travel time spent in this place.
 C = Inter-level travel time spent in this place.
 D = Time resting spent in this place.
 E = Time spent auto-exploring this place.
 F = Levels seen in this place.
 G = Mean time per level.
                   A        B        C        D        E       F      G
               +--------+--------+--------+--------+--------+-----+--------+
         Total |  19478 |  19121 |    357 |   5993 |  10331 |  16 | 1217.4 |
       Dungeon |  14616 |  14294 |    322 |   3986 |   8167 |  12 | 1218.0 |
          Lair |   3101 |   3066 |     35 |    906 |   1735 |   3 | 1033.7 |
   Spider Nest |   1760 |   1760 |      0 |   1101 |    429 |   1 | 1760.0 |
               +--------+--------+--------+--------+--------+-----+--------+

Top non-repeatable levels by time:
  Lair:2: 1872 daAuts
     D:7: 1823 daAuts
Spider:1: 1760 daAuts
     D:6: 1697 daAuts
     D:5: 1545 daAuts
     D:9: 1525 daAuts
     D:8: 1457 daAuts
     D:3: 1256 daAuts
    D:10: 1175 daAuts
     D:4: 1152 daAuts
    D:11: 1080 daAuts
  Lair:1: 1066 daAuts
     D:1: 1006 daAuts
     D:2: 894 daAuts
  Lair:3: 162 daAuts
